 Dungeon Crawl Stone Soup version 0.17-a0-1393-gcb420ff (webtiles) character file.

163 urechis the Twirler (level 5, -3/32 HPs)
             Began as a Tengu Gladiator on June 16, 2015.
             Slain by urechis's ghost (8 damage)
             ... on level 3 of the Dungeon.
             The game lasted 00:06:29 (2544 turns).

urechis the Twirler (Tengu Gladiator)               Turns: 2544, Time: 00:06:30

Health: -3/32      AC:  3    Str: 15    XL:     5   Next: 44%
Magic:  6/6        EV:  9    Int:  9    God:
Gold:   72         SH:  0    Dex: 15    Spells: 0 memorised, 4 levels left

rFire  . . .     SeeInvis .     a - +0 quarterstaff
rCold  . . .     Clarity  .     b - +0 leather armour
rNeg   . . .     SustAt   .     (no shield)
rPois  .         Gourm    .     c - +0 hat
rElec  .         Spirit   .     (no cloak)
rCorr  .         Warding  .     (no gloves)
rMut   .         Stasis   .     (boots unavailable)
MR     .....                    k - amulet of rage
Stlth  +.........               (no ring)
                                (no ring)

@: not resistant to hostile enchantments, very unstealthy
A: beak, talons 3, able to fly 1
a: Fly, Evoke Berserk Rage


You were on level 3 of the Dungeon.
You were not hungry.

You visited 1 branch of the dungeon, and saw 3 of its levels.

You collected 72 gold pieces.

Inventory:

Hand weapons
 a - a +0 quarterstaff (weapon)
Missiles
 v - 3 throwing nets (quivered)
Armour
 b - a +0 leather armour (worn)
 c - a +0 hat (worn)
Jewellery
 k - an amulet of rage (around neck)
Magical devices
 r - a wand of teleportation (1)
Scrolls
 f - a scroll of magic mapping {unknown}
 g - 2 scrolls of enchant weapon {unknown}
 h - 2 scrolls of enchant armour {unknown}
 j - a scroll of immolation {unknown}
 l - 2 scrolls of random uselessness {unknown}
 m - 2 scrolls of identify {unknown}
 s - a scroll of teleportation {unknown}
Potions
 i - 2 potions of heal wounds {unknown}
 n - a potion of poison {unknown}
 o - a potion of flight {unknown}
 p - 2 potions of might {unknown}
 q - 2 potions of brilliance {unknown}
 t - a potion of berserk rage {unknown}
 u - a potion of ambrosia {unknown}
Comestibles
 e - a bread ration


   Skills:
 + Level 3.0 Fighting
 * Level 5.0 Staves
 - Level 2.1 Throwing
 + Level 4.5 Dodging


You had 4 spell levels left.
You didn't know any spells.

Dungeon Overview and Level Annotations

Branches:
Dungeon (3/15)

Altars:
Cheibriados
Trog
Xom

Annotations:
D:3 urechis's ghost, average TrMo


Innate Abilities, Weirdness & Mutations

You have a beak for a mouth.
You have claws for feet.
You can fly.


Message History

You barely miss the orc wizard. Your kick misses the orc wizard.
The orc wizard hits you but does no damage.
The orc closely misses you.
You closely miss the orc wizard. The orc wizard hits you with a dagger.
The orc misses you. The orc wizard barely misses you.
You closely miss the orc wizard. Your kick misses the orc wizard.
You peck the orc wizard.
The orc wizard is moderately wounded.
The orc misses you. The orc wizard closely misses you.
Urechis's ghost whispers, "There is no future for you."
The orc wizard points at you and mumbles some strange words.
The magic dart hits you! The orc barely misses you.
Urechis's ghost closely misses you. Urechis's ghost hits you!
Urechis's ghost says very slowly, "There's no hope."
Urechis's ghost hits you.
* * * LOW HITPOINT WARNING * * *
There is a stone staircase leading up here.
Urechis's ghost hits you!
You die...

....##.## #........
.....#.# .........
.....#.## .........
._......# ####.#.
..†..#.....# #.#
.....#.###.# #..#....
....##.###.# ##..#....
#.####...... #..# ...
.............###@###..
.#..).........#.W##..
.#.######..##..K###.#
#..# #.#.o....#.# #.##
#####..........#
..####........####K####
.......###.(......o...###
.......##>(#####........#
.......o).## ##K.....#..#


You could see urechis's ghost, an orc and a kobold.

Vanquished Creatures
  A hound (D:3)
  2 gnolls (D:2)
  3 adders
  2 oozes (D:2)
  3 worms
  2 orcs (D:3)
  11 bats
  3 giant cockroaches
  9 hobgoblins
  10 kobolds
  A giant gecko (D:2)
  4 giant newts
  7 goblins
  8 jackals
  6 rats
72 creatures vanquished.

Notes
Turn   | Place    | Note
--------------------------------------------------------------
     0 | D:1      | urechis the Tengu Gladiator began the quest for the Orb.
     0 | D:1      | Reached XP level 1. HP: 12/12 MP: 2/2
    96 | D:1      | Reached XP level 2. HP: 1/17 MP: 3/3
   637 | D:1      | Reached XP level 3. HP: 22/22 MP: 4/4
   975 | D:2      | Found a bloodstained altar of Trog.
   988 | D:2      | Reached skill level 4 in Dodging
  1180 | D:2      | Found a shimmering altar of Xom.
  1180 | D:2      | Found a shimmering altar of Xom.
  1190 | D:2      | Found a shimmering altar of Xom.
  1369 | D:2      | Found a shimmering altar of Xom.
  1377 | D:2      | Found a shimmering altar of Xom.
  1377 | D:2      | Found a shimmering altar of Xom.
  1405 | D:2      | Reached XP level 4. HP: 27/27 MP: 5/5
  1713 | D:3      | Gained mutation: You can fly. [Tengu growth]
  1713 | D:3      | Reached XP level 5. HP: 5/32 MP: 6/6
  2012 | D:3      | Found a snail-covered altar of Cheibriados.
  2013 | D:3      | Noticed urechis's ghost (average TrMo)
  2315 | D:3      | Reached skill level 5 in Staves
  2544 | D:3      | Slain by urechis's ghost

Vault maps used:
D:1:      lightli_molten_gateway, nrook_loot_triangle
D:2:      nicolae_overflow_hidden_temple, xom_redecorated, amalloy_card_club
D:3:      old_standard_altar, makhleb_heckhound_becter

Action                   |  1- 3 |  4- 6 || total
-------------------------+-------+-------++-------
Melee: Quarterstaff      |   108 |    88 ||   196
Throw: Throwing net      |     1 |     4 ||     5
 Stab: Sleeping          |     1 |     1 ||     2
  Eat: Chunk             |     1 |     2 ||     3
       Bread ration      |       |     1 ||     1
